 Dungeon Crawl Stone Soup version 0.31-a0-715-ge00f3ba (webtiles) character file.

Game seed: 12497200792554235134

76335 BarneyGumball the Eclecticist (level 16, -5/113 HPs)
             Began as a Djinni Fire Elementalist on Sept 9, 2023.
             Was the Champion of the Shining One.
             Shot with an arrow by a centaur warrior (23 damage)
             ... on level 15 of the Dungeon.
             The game lasted 01:26:30 (19284 turns).

BarneyGumball the Eclecticist (DjFE)               Turns: 19284, Time: 01:26:31

Health: -5/113     AC: 18    Str:  9    XL:     16   Next: 1%
Gold:   560        EV: 13    Int: 29    God:    the Shining One [******] SH:  7 Dex: 11

rFire   + + .        k - +0 spear (venom)
rCold   . . .        N - +0 kite shield
rNeg    + + +        w - +2 leather armour of Bisuyrgh {rElec Regen+ Int+8 Slay-3}
rPois   ∞            D - +3 helmet of Kuatiry {rF+ rN+ Will+ Slay+3}
rElec   +            y - +0 cloak
rCorr   +            F - +2 pair of gloves of Hixyuxt {Will+ rCorr Dex-5 Stlth+}
SInv    .            (boots unavailable)
Will    +++..        E - amulet of regeneration
Stlth   +            z - ring of ice
HPRegen 1.98/turn    I - +4 ring of protection
MPRegen 0.00/turn

%: infuse magic (-6 HP)
@: flying, glowing
A: sickness immunity, fire resistance 2, cold vulnerability 1, float, innate
caster, HP casting, extra vitality 1
a: Renounce Religion, Divine Shield, Cleansing Flame, Summon Divine Warrior,
Brand Weapon With Holy Wrath


You were on level 15 of the Dungeon.
You worshipped the Shining One.
The Shining One was exalted by your worship.
You visited 2 branches of the dungeon, and saw 20 of its levels.
You also visited: Sewer and Bailey.

You collected 1392 gold pieces.
You spent 832 gold pieces at shops.

Inventory:

Hand Weapons
 k - a +0 spear of venom (weapon)
Armour
 w - the +2 leather armour of Bisuyrgh (worn) {rElec Regen+ Int+8 Slay-3}
   (You took it off a kobold on level 4 of the Dungeon)

   Int+8:     It affects your intelligence (+8).
   Slay-3:    It affects your accuracy & damage with ranged weapons and melee
   (-3).
   rElec:     It insulates you from electricity.
   Regen+:    It increases your rate of health regeneration.
 y - a +0 cloak (worn)
 D - the +3 helmet of Kuatiry (worn) {rF+ rN+ Will+ Slay+3}
   (You acquired it in a bailey)

   Slay+3:    It affects your accuracy & damage with ranged weapons and melee
   (+3).
   rF+:       It protects you from fire.
   rN+:       It protects you from negative energy.
   Will+:     It increases your willpower.
 F - the +2 pair of gloves of Hixyuxt (worn) {Will+ rCorr Dex-5 Stlth+}
   (You acquired it on level 12 of the Dungeon)

   Dex-5:     It affects your dexterity (-5).
   Will+:     It increases your willpower.
   rCorr:     It protects you from acid and corrosion.
   Stlth+:    It makes you more stealthy.
 N - a +0 kite shield (worn)
Jewellery
 z - a ring of ice (left hand)
 E - an amulet of regeneration (around neck)
 H - an amulet of reflection
 I - a +4 ring of protection (right hand)
 J - a ring of see invisible
 L - a ring of fire
 M - a +5 ring of evasion
Wands
 l - a wand of polymorph (19)
 m - a wand of flame (11)
 o - a wand of light (4)
 G - a wand of digging (4)
Scrolls
 a - 2 scrolls of fog
 b - 2 scrolls of brand weapon
 c - a scroll of teleportation
 h - 5 scrolls of fear
 p - 5 scrolls of revelation
 t - a scroll of poison
 u - a scroll of blinking
 v - 2 scrolls of enchant armour
 x - 9 scrolls of enchant weapon
 A - 3 scrolls of vulnerability
 C - 2 scrolls of silence
 K - a scroll of immolation
Potions
 d - a potion of lignification
 e - 9 potions of curing
 f - 3 potions of enlightenment
 g - 3 potions of magic
 i - 2 potions of cancellation
 j - 3 potions of haste
 n - 7 potions of might
 q - 3 potions of resistance
 r - 3 potions of attraction
 s - 3 potions of mutation
 B - 4 potions of brilliance


   Skills:
 + Level 10.1 Fighting
 - Level 4.0 Armour
 + Level 13.1 Dodging
 - Level 1.5 Stealth
 + Level 0.0 Shields
 - Level 15.0 Spellcasting
 - Level 15.0 Conjurations
 - Level 15.0 Hexes
 - Level 15.0 Summonings
 - Level 15.0 Necromancy
 - Level 15.0 Translocations
 - Level 15.0 Transmutations
 - Level 15.0 Fire Magic
 - Level 15.0 Ice Magic
 - Level 15.0 Air Magic
 - Level 15.0 Earth Magic
 - Level 15.0 Poison Magic
 + Level 10.5 Invocations


You knew the following spells:

 Your Spells              Type           Power      Damage    Failure   Level
a - Foxfire               Conj/Fire      100%       2x1d9     1%          1
b - Scorch                Fire           100%       2d9       1%          2
c - Poisonous Vapours     Pois/Air       100%       N/A       1%          2
d - Inner Flame           Hex/Fire       83%        N/A       1%          3
e - Flame Wave            Conj/Fire      83%        2d18      1%          4
f - Freezing Cloud        Conj/Ice/Air   52%        6-21      1%          5
g - Volatile Blastmotes   Fire/Tloc      100%       2d18      1%          3
h - Call Imp              Summ           100%       N/A       1%          2
i - Dimensional Bullseye  Hex/Tloc       41%        N/A       1%          4
j - Passage of Golubria   Tloc           83%        N/A       1%          4
k - Sting                 Tmut/Pois      100%       1d8       1%          1
l - Simulacrum            Ice/Necr       52%        N/A       6%          6
Your spell library was empty.

Dungeon Overview and Level Annotations

Branches:
Dungeon (15/15)            Temple (0/1) D:7            Lair (5/5) D:11
  Swamp (0/4) Lair:2        Snake (0/4) Lair:3        Slime (0/5) Lair:5
    Orc (0/2) D:11         Vaults (0/5) D:13          Sewer (visited)
 Bailey (visited)
 Depths: D:15

Altars:
Fedhas
Gozag
Makhleb
Qazlal
Trog
Wu Jian
Xom
The Shining One

Shops:
D:3 *   D:12 ?

Annotations:
Lair:1 2 transporters, skewfiend's ghost, journeyman DgIE
Lair:5 2 runed translucent doors


Innate Abilities, Weirdness & Mutations

You are immune to sickness and miasma.
You are immune to poison.
Your flesh is very heat resistant. (rF++)
You are vulnerable to cold. (rC-)
You float through the air rather than walking.
You learn spells naturally, not from books.
Your magical power is your life essence.
You have superior vitality. (+4 MHP)


Message History

* * * LOW HITPOINT WARNING * * *
You hold your ground!
Okay, then.
A wave of flame ripples out!
The flame wave engulfs the ice dragon!!
The ice dragon is burned terribly!
Flame seeps out of the ice dragon.
The ice dragon is severely wounded.
The flame wave engulfs the fire dragon.
The fire dragon resists.
The fire dragon is severely wounded.
You hear a sizzling sound! x4
* * * LOW HITPOINT WARNING * * *
You finish channelling waves of flame.
Flame seeps out of the centaur warrior.
The centaur warrior is engulfed in blazing flames.
Flame seeps out of the centaur warrior.
The centaur warrior shoots an arrow.
The arrow hits you.
* * * LOW HITPOINT WARNING * * *
The fire dragon breathes flames at you. The blast of flame hits you!
You resist.
* * * LOW HITPOINT WARNING * * *
The ice dragon is engulfed in blazing flames.
Flame seeps out of the ice dragon.
The ice dragon breathes frost at you. The blast of cold misses you.
The centaur warrior is engulfed in blazing flames.
Flame seeps out of the centaur warrior.
You feel better. The fire dragon bites you!
* * * LOW HITPOINT WARNING * * *
The fire dragon claws you but does no damage.
The fire dragon tramples you but does no damage.
The ice dragon is engulfed in blazing flames.
Flame seeps out of the ice dragon.
The ice dragon bites you but does no damage.
The ice dragon claws you but does no damage.
The ice dragon misses you.
You feel better.
The centaur warrior shoots an arrow.
You block the arrow. The fire dragon breathes flames at you.
The blast of flame misses you. You block the ice dragon's attack.
The ice dragon misses you.
The ice dragon tramples you but does no damage.
The centaur warrior shoots an arrow.
The arrow hits you!!
You die...

#.# #.# .$#
##.########°###
#..
##...........c.#
.§
#.....########.###
☼# ##...##
#...##.# ##..#
##.....# ###..#
#..8..# .....#
#..D.## ###.##
##@D## #.# #.##
#.# ###
#.#########
#.##......#
#.##.####.###
#.#.........#
##[#..####.#.####
##.....##........#


You could see a fire dragon, an ice dragon (inner flame, catching breath) and a
centaur warrior (inner flame, very poisoned).

Vanquished Creatures
  A fire dragon (D:15)
  5 centaur warriors
  8 hydras
  An ironbound frostheart (D:13)
  2 vault guards (D:13)
  4 two-headed ogres
  3 boulder beetles
  3 tengu warriors
  9 death yaks
  2 skysharks (Lair:5)
  3 lindwurms
  2 orc knights (Bailey)
  2 deep elf pyromancers
  2 ugly things (D:12)
  5 cyclopes
  A cyclops (shapeshifter) (D:13)
  A salamander (Lair:3)
  A manticore (D:13)
  22 elephants
  Joseph (D:9)
  A water nymph (shapeshifter) (D:12)
  5 black mambas
  6 cane toads
  2 molten gargoyles (Lair:5)
  3 gargoyles
  A torpor snail (Lair:2)
  2 efreet (D:14)
  2 kobold demonologists (Bailey)
  7 rime drakes
  2 ice devils (Lair:3)
  12 komodo dragons
  6 polar bears
  6 trolls
  3 meliai (D:14)
  A hornet (D:7)
  A tyrant leech (Lair:2)
  8 blink frogs
  5 slime creatures (D:15)
  Sigmund (D:2)
  2 shadows
  A vampire (D:12)
  2 wraiths
  9 wyverns
  3 steam dragons
  4 basilisks
  49 yaks
  A human (D:13)
  Grum (D:10)
  7 vampire mosquitoes
  3 nagas (Lair:3)
  3 acid dragons
  3 swamp worms (Lair:2)
  11 water moccasins
  3 hell hounds (Lair:5)
  17 orc warriors
  3 sky beasts
  10 black bears
  2 ogres
  An ice beast (D:7)
  6 wolves
  7 centaurs
  A kobold brigand (Sewer)
  A phantom (D:5)
  15 bullfrogs
  Blork the orc (D:5)
  2 scorpions
  12 wights
  3 killer bees
  2 howler monkeys (D:9)
  7 electric eels
  A crimson imp (D:8)
  5 lava snakes (Lair:5)
  5 jellies
  3 hounds
  14 orc priests
  A gnoll bouda (D:6)
  4 iguanas
  A hell rat (Lair:3)
  15 orc wizards
  14 gnolls
  12 adders
  8 river rats
  A shadow imp (D:7)
  A white imp (D:7)
  2 ufetubi
  5 worms
  2 dart slugs (D:3)
  55 orcs
  9 ball pythons
  6 endoplasms
  4 giant cockroaches
  14 goblins
  15 hobgoblins
  11 jackals
  4 quokkas
  4 bats
  6 frilled lizards
  11 kobolds
  9 rats
586 creatures vanquished.

Vanquished Creatures (collateral kills)
  7 foxfires
7 creatures vanquished.

Vanquished Creatures (others)
  852 foxfires
852 creatures vanquished.

Grand Total: 1445 creatures vanquished

Notes
Turn   | Place    | Note
-------+----------+-------------------------------------------
     0 | D:1      | BarneyGumball the Djinni Fire Elementalist began the quest
                  | for the Orb.
     0 | D:1      | BarneyGumball set off with the following spells memorised:
                  | Foxfire, Scorch, Volatile Blastmotes, Inner Flame, Flame
                  | Wave.
     0 | D:1      | Reached XP level 1. HP: 15/15 MP: 0/0
    44 | D:1      | Reached XP level 2. HP: 16/21 MP: 0/0
   433 | D:1      | Reached XP level 3. HP: 23/25 MP: 0/0
   433 | D:1      | Learned a level 1 spell: Sting
   927 | D:2      | Noticed Sigmund
   932 | D:2      | Killed Sigmund
   933 | D:2      | Reached skill level 5 in Spellcasting
   933 | D:2      | Reached skill level 5 in Conjurations
   933 | D:2      | Reached skill level 5 in Hexes
   933 | D:2      | Reached skill level 5 in Summonings
   933 | D:2      | Reached skill level 5 in Necromancy
   933 | D:2      | Reached skill level 5 in Translocations
   933 | D:2      | Reached skill level 5 in Transmutations
   933 | D:2      | Reached skill level 5 in Fire Magic
   933 | D:2      | Reached skill level 5 in Ice Magic
   933 | D:2      | Reached skill level 5 in Air Magic
   933 | D:2      | Reached skill level 5 in Earth Magic
   933 | D:2      | Reached skill level 5 in Poison Magic
   933 | D:2      | Reached XP level 4. HP: 23/31 MP: 0/0
   933 | D:2      | Reached XP level 5. HP: 26/35 MP: 0/0
   933 | D:2      | Learned a level 2 spell: Poisonous Vapours
   933 | D:2      | Reached XP level 6. HP: 30/40 MP: 0/0
  1122 | D:2      | Found a faded altar of an unknown god.
  1128 | D:2      | Prayed at the altar of an unknown god.
  1128 | D:2      | Became a worshipper of the Shining One
  1128 | D:2      | Reached * piety under the Shining One
  1899 | D:3      | Found Zeodgh's Assorted Antiques.
  2206 | D:4      | Reached XP level 7. HP: 29/45 MP: 0/0
  2206 | D:4      | Learned a level 2 spell: Call Imp
  2519 | D:4      | Reached ** piety under the Shining One
  2716 | D:4      | Identified the +2 leather armour of Bisuyrgh {rElec Regen+
                  | Int+8 Slay-3}
  2806 | D:4      | Found a glowing drain.
  2814 | Sewer    | Entered a sewer
  3917 | D:4      | Found a stormy altar of Qazlal.
  3941 | D:5      | Entered Level 5 of the Dungeon
  3984 | D:5      | Reached XP level 8. HP: 50/51 MP: 0/0
  4009 | D:5      | Reached skill level 1 in Fighting
  4009 | D:5      | Reached skill level 1 in Armour
  4219 | D:5      | Noticed Blork the orc
  4228 | D:5      | Killed Blork the orc
  5377 | D:6      | Reached XP level 9. HP: 53/60 MP: 0/0
  5377 | D:6      | Learned a level 4 spell: Dimensional Bullseye
  5764 | D:7      | Found a staircase to the Ecumenical Temple.
  5807 | D:7      | Found a shimmering altar of Xom.
  5956 | D:7      | Noticed a hornet
  5960 | D:7      | Killed a hornet
  6019 | D:6      | Reached *** piety under the Shining One
  6027 | D:6      | Reached XP level 10. HP: 60/67 MP: 0/0
  7092 | D:8      | Reached skill level 10 in Spellcasting
  7092 | D:8      | Reached skill level 10 in Conjurations
  7092 | D:8      | Reached skill level 10 in Hexes
  7092 | D:8      | Reached skill level 10 in Summonings
  7092 | D:8      | Reached skill level 10 in Necromancy
  7092 | D:8      | Reached skill level 10 in Translocations
  7092 | D:8      | Reached skill level 10 in Transmutations
  7092 | D:8      | Reached skill level 10 in Fire Magic
  7092 | D:8      | Reached skill level 10 in Ice Magic
  7092 | D:8      | Reached skill level 10 in Air Magic
  7092 | D:8      | Reached skill level 10 in Earth Magic
  7092 | D:8      | Reached skill level 10 in Poison Magic
  7332 | D:8      | Found a burning altar of Makhleb.
  7390 | D:8      | Found an opulent altar of Gozag.
  7439 | D:9      | Found a blossoming altar of Fedhas.
  7530 | D:9      | Reached skill level 1 in Invocations
  7530 | D:9      | Reached XP level 11. HP: 53/73 MP: 0/0
  7530 | D:9      | Learned a level 4 spell: Passage of Golubria
  7733 | D:9      | Found an ornate altar of the Wu Jian Council.
  7808 | D:9      | Noticed Joseph
  7820 | D:9      | Killed Joseph
  7855 | D:9      | Found a flagged portal.
  7862 | Bailey   | Entered a bailey
  7983 | Bailey   | Noticed an orc knight
  7993 | Bailey   | Killed an orc knight
  8081 | Bailey   | Reached **** piety under the Shining One
  8151 | Bailey   | Noticed an orc knight
  8153 | Bailey   | Noticed a sixfirhy
  8164 | Bailey   | Killed an orc knight
  8175 | Bailey   | Acquired the +3 helmet of Kuatiry {rF+ rN+ Will+ Slay+3}
  8201 | Bailey   | Found an iron altar of Okawaru.
  8267 | Bailey   | Acquired an amulet of regeneration
  8826 | D:9      | Noticed a two-headed ogre
  8831 | D:9      | Killed a two-headed ogre
  9109 | D:10     | Entered Level 10 of the Dungeon
  9119 | D:10     | Noticed a two-headed ogre
  9125 | D:10     | Killed a two-headed ogre
  9126 | D:10     | Reached XP level 12. HP: 78/78 MP: 0/0
  9249 | D:10     | Reached ***** piety under the Shining One
  9920 | D:10     | Noticed Grum
  9930 | D:10     | Killed Grum
 10191 | D:11     | Found a staircase to the Lair.
 10350 | D:11     | Found a staircase to the Orcish Mines.
 10797 | Lair:1   | Entered Level 1 of the Lair of Beasts
 10953 | Lair:1   | Reached XP level 13. HP: 39/83 MP: 0/0
 10953 | Lair:1   | Learned a level 5 spell: Freezing Cloud
 11149 | Lair:1   | Found a transporter.
 11207 | Lair:1   | Reached skill level 5 in Fighting
 11207 | Lair:1   | Reached skill level 5 in Dodging
 11415 | Lair:1   | Found a transporter.
 11653 | Lair:1   | Noticed skewfiend's ghost (journeyman DgIE)
 11666 | Lair:1   | Noticed a seven-headed hydra
 11878 | Lair:2   | Noticed a five-headed hydra
 11882 | Lair:2   | Killed a five-headed hydra
 12706 | Lair:2   | Noticed a five-headed hydra
 12712 | Lair:2   | Killed a five-headed hydra
 12718 | Lair:2   | Noticed a four-headed hydra
 12725 | Lair:2   | Killed a four-headed hydra
 12726 | Lair:2   | Reached skill level 15 in Spellcasting
 12726 | Lair:2   | Reached skill level 15 in Conjurations
 12726 | Lair:2   | Reached skill level 15 in Hexes
 12726 | Lair:2   | Reached skill level 15 in Summonings
 12726 | Lair:2   | Reached skill level 15 in Necromancy
 12726 | Lair:2   | Reached skill level 15 in Translocations
 12726 | Lair:2   | Reached skill level 15 in Transmutations
 12726 | Lair:2   | Reached skill level 15 in Fire Magic
 12726 | Lair:2   | Reached skill level 15 in Ice Magic
 12726 | Lair:2   | Reached skill level 15 in Air Magic
 12726 | Lair:2   | Reached skill level 15 in Earth Magic
 12726 | Lair:2   | Reached skill level 15 in Poison Magic
 12726 | Lair:2   | Reached XP level 14. HP: 57/96 MP: 0/0
 12844 | Lair:2   | Found a staircase to the Swamp.
 13169 | Lair:3   | Reached skill level 5 in Invocations
 13905 | Lair:3   | Found a staircase to the Snake Pit.
 14505 | Lair:4   | Reached skill level 10 in Dodging
 15247 | Lair:5   | Entered Level 5 of the Lair of Beasts
 15270 | Lair:5   | Found a staircase to the Slime Pits.
 15334 | Lair:5   | Reached ****** piety under the Shining One
 15345 | Lair:5   | Reached XP level 15. HP: 107/107 MP: 0/0
 15345 | Lair:5   | Learned a level 6 spell: Simulacrum
 15742 | Lair:5   | Reached skill level 10 in Fighting
 16023 | Lair:5   | Found a large runed translucent door.
 16023 | Lair:5   | Found a large runed translucent door.
 17059 | D:12     | Found Famupteokk's Magic Scroll Emporium.
 17067 | D:12     | Bought a scroll of acquirement for 832 gold pieces
 17067 | D:12     | Acquired the +2 pair of gloves of Hixyuxt {Will+ rCorr
                  | Dex-5 Stlth+}
 17480 | D:13     | Found a bloodstained altar of Trog.
 17957 | D:13     | Found a gate to the Vaults.
 18078 | D:14     | Reached skill level 10 in Invocations
 18918 | D:15     | Entered Level 15 of the Dungeon
 19161 | D:15     | Reached XP level 16. HP: 113/113 MP: 0/0
 19284 | D:15     | Shot with an arrow by a centaur warrior

Illustrated notes

Levels and vault maps discovered:
D:1:      orjb1_clovarrival, layout_rooms
D:2:      layout_basic, ebering_ecumenical_altar_sacrificial,
          minmay_misc_feat_ornament, uniq_sigmund
D:3:      layout_rooms, serial_shops, nicolae_shop_tiny_glass
D:4:      layout_loops_ring, grunt_qazlal_clouds, lightli_sewer_entry_pipes
D:5:      layout_loops_corners, nicolae_figureground_pulse, uniq_blork_the_orc
D:6:      minmay_evil_eye, layout_loops_cross, nrook_uturn
D:7:      layout_rooms, kennysheep_mini_moat, minmay_temple_entry_trees
D:8:      layout_cave_pods, makhleb_grotto_becter, mainiacjoe_overflow_alcove_4
D:9:      layout_basic, mainiacjoe_overflow_catwalk, nicolae_overflow_squiral,
          enter_bailey_4, uniq_joseph
D:10:     layout_long_grid, uniq_grum
D:11:     layout_stronghold, david_lair_shrubbed, david_orc_2,
          minmay_misc_feat_hallway
D:12:     layout_basic, serial_shops, nicolae_shop_just_a_little_nook
D:13:     layout_loops_ring, hellmonk_vaults_keyhole, trog_ov_bears_minmay
D:14:     layout_long_grid, wad_floor_pattern_untrapped
D:15:     grunt_enter_depths_hoard, layout_loops_corners, minmay_ruined_shrine
Lair:1:   beast_lair_carwin_large_3, layout_concentric_octagons,
          gammafunk_ghost_berserking_beasts
Lair:2:   layout_gridlike, palyth_hydra_swamp_entry, nicolae_lair_lil_pond,
          serial_bayou_shore_a, lemuel_fruit_tree, grunt_megastairs_5
Lair:3:   nzn_winding_woodlands_three_and_one
          [nzn_winding_woodlands_5x15_split_checker,
          nzn_winding_woodlands_5x15_river_crossing,
          nzn_winding_woodlands_5x15_twine,
          nzn_winding_woodlands_center_garden], layout_concentric_octagons,
          alex1729_snake_entry_snake, portal_ice_cave_demonic_guard,
          serial_bayou_shore_b
Lair:4:   layout_cave_pods, infiniplex_staircase_pool, grunt_megastairs_1
Lair:5:   cheibrodos_lair_end_hotspot, layout_loops_ring, slime_entry_1,
          serial_bayou_shore_b

Skill      XL: |  1  2  3  4  5  6  7  8  9 10 11 12 13 14 15 |
---------------+----------------------------------------------+-----
Spellcasting   | 5 6 7 9 11 12 14 15 | 15.0
Conjurations   | 5 6 7 9 11 12 14 15 | 15.0
Hexes          | 5 6 7 9 11 12 14 15 | 15.0
Summonings     | 5 6 7 9 11 12 14 15 | 15.0
Necromancy     | 5 6 7 9 11 12 14 15 | 15.0
Translocations | 5 6 7 9 11 12 14 15 | 15.0
Transmutations | 5 6 7 9 11 12 14 15 | 15.0
Fire Magic     | 5 6 7 9 11 12 14 15 | 15.0
Ice Magic      | 5 6 7 9 11 12 14 15 | 15.0
Air Magic      | 5 6 7 9 11 12 14 15 | 15.0
Earth Magic    | 5 6 7 9 11 12 14 15 | 15.0
Poison Magic   | 5 6 7 9 11 12 14 15 | 15.0
Fighting       | 3 4 7 9 10 | 10.1
Armour         | 3 4 |  4.0
Dodging        | 4 8 10 13 | 13.1
Invocations    | 1 4 7 10 | 10.5
Stealth        | |  1.5

Action                     |  1- 3 |  4- 6 |  7- 9 | 10-12 | 13-15 | 16-18 || total
---------------------------+-------+-------+-------+-------+-------+-------++-------
  Melee: Unarmed           |     4 |       |       |       |       |       ||     4
         Dagger            |     1 |       |       |       |       |       ||     1
         Spear             |       |    19 |    34 |    22 |    46 |     1 ||   122
         Punch             |       |       |       |     1 |       |       ||     1
   Cast: Foxfire           |    59 |    62 |   165 |   106 |   122 |     4 ||   518
         Inner Flame       |     1 |     4 |    64 |   166 |   195 |     2 ||   432
         Scorch            |     1 |     2 |     5 |     4 |    27 |     1 ||    40
         Flame Wave        |       |       |     3 |     1 |     6 |     1 ||    11
         Poisonous Vapours |       |       |     3 |   132 |   154 |     1 ||   290
         Passage of Golubr |       |       |       |     1 |     4 |       ||     5
         Freezing Cloud    |       |       |       |       |    69 |     2 ||    71
         Volatile Blastmot |       |       |       |       |     1 |       ||     1
    Use: Scroll            |       |       |    10 |    10 |    18 |       ||    38
         Potion            |       |       |       |       |     1 |     2 ||     3
 Armour: Robe              |     3 |    19 |    20 |       |       |       ||    42
         Leather armour    |       |       |    46 |    97 |   232 |    30 ||   405
  Dodge: Dodged            |    10 |    16 |    29 |    58 |   124 |    13 ||   250
  Block: Kite shield       |       |       |       |       |       |     7 ||     7

Table legend: (Time is in decaauts)
 A = Elapsed time spent in this place.
 B = Non-inter-level travel time spent in this place.
 C = Inter-level travel time spent in this place.
 D = Time resting spent in this place.
 E = Time spent auto-exploring this place.
 F = Levels seen in this place.
 G = Mean time per level.
                   A        B        C        D        E       F      G
               +--------+--------+--------+--------+--------+-----+--------+
         Total |  19305 |  18471 |    834 |    972 |  13423 |  22 |  877.5 |
       Dungeon |  12242 |  11628 |    614 |    679 |   8653 |  15 |  816.1 |
          Lair |   5624 |   5404 |    220 |    212 |   3990 |   5 | 1124.8 |
         Sewer |    773 |    773 |      0 |     15 |    553 |   1 |  773.0 |
        Bailey |    664 |    664 |      0 |     66 |    227 |   1 |  664.0 |
               +--------+--------+--------+--------+--------+-----+--------+

Top non-repeatable levels by time:
  Lair:3: 1347 daAuts
  Lair:2: 1199 daAuts
     D:5: 1197 daAuts
     D:4: 1116 daAuts
  Lair:5: 1094 daAuts
     D:9: 1042 daAuts
  Lair:1: 994 daAuts
  Lair:4: 988 daAuts
    D:14: 924 daAuts
     D:8: 912 daAuts
    D:10: 895 daAuts
     D:6: 862 daAuts
    D:11: 839 daAuts
     D:2: 802 daAuts
    D:13: 797 daAuts
